[ PARTIDA AOE2 · #478011199 ]
Team RMBizantinos vs Ethiopians
[ ANÁLISIS DE REPETICIÓN · EXTRAÍDO DE LA PARTIDA GRABADA ]
Feudal
15:22
Castillos
20:16
Imperial
—
| APM promedio | 16.2 |
| APM pico | 55 |
| eAPM promedio | 9.2 |
| Aldeanos / militares | 62 / 69 |
Foco
⚔️ 27.2% · 🌾 72.8%
Spearman ×47 · Skirmisher ×22 · Trade Cart ×10
Feudal
13:45
Castillos
18:12
Imperial
—
| APM promedio | 20.2 |
| APM pico | 70 |
| eAPM promedio | 11.1 |
| Aldeanos / militares | 101 / 64 |
Foco
⚔️ 27.0% · 🌾 73.0%
Tarkan ×64
Feudal
13:40
Castillos
20:02
Imperial
—
| APM promedio | 41.5 |
| APM pico | 77 |
| eAPM promedio | 24.1 |
| Aldeanos / militares | 178 / 86 |
Foco
⚔️ 27.5% · 🌾 72.5%
Knight ×84 · Monk ×2
Feudal
14:35
Castillos
18:08
Imperial
—
| APM promedio | 30.0 |
| APM pico | 76 |
| eAPM promedio | 14.2 |
| Aldeanos / militares | 93 / 73 |
Foco
⚔️ 30.9% · 🌾 69.1%
Archer ×66 · Shotel Warrior ×7
Feudal
14:12
Castillos
27:57
Imperial
—
| APM promedio | 21.5 |
| APM pico | 47 |
| eAPM promedio | 13.5 |
| Aldeanos / militares | 70 / 74 |
Foco
⚔️ 22.8% · 🌾 77.2%
Archer ×41 · Skirmisher ×29 · Trade Cart ×8 · Spearman ×4
Feudal
15:57
Castillos
22:23
Imperial
—
| APM promedio | 21.4 |
| APM pico | 50 |
| eAPM promedio | 12.9 |
| Aldeanos / militares | 93 / 45 |
Foco
⚔️ 20.6% · 🌾 79.4%
Spearman ×32 · Skirmisher ×7 · Knight ×6
Mapa de la partida
Recursos iniciales + cada clic de construcción. Líneas = muros · curvas = relieve. ◆ oro · ⬟ piedra · ● bayas · ✦ reliquia · ◌ hueco del cierre
Tu base· Abierta — hueco de 7t
Base de Joselias· Abierta — el rival se encerró
Base de PeteOwens· Abierta — flanco sin cerrar
Base de Eardius· Abierta — flanco sin cerrar
Base de Badacidreflux· Abierta — hueco de 11t
Base de der_flo· Abierta — hueco de 8t
Terreno inicial suavizado · ◌ = hueco del cierre detectado · pasá el cursor para detalles
Inputs por minuto
— Starman - - Joselias
Build order — Starman
Primeras 150 de 165 acciones detectadas
| 0:27 | Construir | Town Center |
| 1:52 | Construir | House |
| 1:57 | Construir | House |
| 2:55 | Crear | Villager (Male) ×4 |
| 3:56 | Crear | Villager (Male) |
| 4:56 | Crear | Villager (Male) |
| 5:07 | Crear | Villager (Male) |
| 5:44 | Crear | Villager (Male) |
| 6:21 | Investigar | Loom |
| 6:22 | Crear | Villager (Male) |
| 7:09 | Crear | Villager (Male) |
| 7:20 | Construir | House |
| 7:21 | Construir | House |
| 7:25 | Construir | Mill |
| 7:38 | Crear | Villager (Male) |
| 8:17 | Crear | Villager (Male) ×3 |
| 9:13 | Construir | Farm |
| 9:16 | Crear | Villager (Male) |
| 9:35 | Construir | Farm |
| 9:44 | Crear | Villager (Male) |
| 10:26 | Crear | Villager (Male) |
| 10:43 | Construir | Mill |
| 10:55 | Crear | Villager (Male) |
| 11:02 | Construir | Farm |
| 11:28 | Crear | Villager (Male) |
| 11:31 | Crear | Villager (Male) |
| 11:58 | Crear | Villager (Male) |
| 12:06 | Construir | Mining Camp |
| 12:45 | Construir | Farm |
| 12:47 | Crear | Villager (Male) |
| 13:04 | Investigar | Feudal Age |
| 13:54 | Construir | House |
| 13:57 | Construir | House |
| 14:08 | Construir | House |
| 14:14 | Construir | House |
| 14:15 | Construir | House |
| 14:26 | Construir | Barracks |
| 14:52 | Crear | Villager (Male) |
| 14:53 | Crear | Villager (Male) |
| 15:22 | Edad | Edad Feudal |
| 15:32 | Construir | Blacksmith |
| 15:43 | Construir | Market |
| 15:57 | Crear | Villager (Male) |
| 16:00 | Crear | Spearman |
| 16:00 | Crear | Spearman |
| 16:37 | Crear | Villager (Male) |
| 16:43 | Construir | Lumber Camp |
| 17:11 | Crear | Villager (Male) |
| 17:18 | Investigar | Castle Age |
| 18:12 | Crear | Villager (Male) |
| 18:56 | Construir | Mill |
| 19:18 | Investigar | Horse Collar |
| 19:20 | Investigar | Double-Bit Axe |
| 20:16 | Edad | Edad de los Castillos |
| 20:23 | Construir | Town Center |
| 20:30 | Crear | Villager (Male) |
| 20:39 | Investigar | Bow Saw |
| 21:15 | Construir | Lumber Camp |
| 21:20 | Crear | Villager (Male) |
| 21:20 | Crear | Villager (Male) |
| 22:21 | Crear | Villager (Male) |
| 22:21 | Crear | Villager (Male) |
| 22:23 | Crear | Villager (Male) |
| 22:24 | Crear | Villager (Male) |
| 22:33 | Investigar | Wheelbarrow |
| 22:50 | Construir | Mining Camp |
| 22:56 | Crear | Villager (Male) ×4 |
| 23:22 | Construir | Archery Range |
| 23:28 | Construir | Archery Range |
| 23:35 | Crear | Villager (Male) |
| 24:02 | Construir | Town Center |
| 24:12 | Investigar | Heavy Plow |
| 24:48 | Construir | Farm |
| 24:49 | Construir | Farm |
| 24:51 | Construir | Farm |
| 24:52 | Construir | Farm |
| 24:56 | Construir | Farm |
| 24:58 | Investigar | Stone Mining |
| 25:10 | Crear | Villager (Male) ×5 |
| 25:19 | Construir | Farm |
| 25:20 | Construir | Farm |
| 25:21 | Construir | Farm |
| 25:22 | Construir | Farm |
| 25:41 | Crear | Skirmisher |
| 25:41 | Crear | Skirmisher |
| 25:42 | Crear | Skirmisher |
| 25:42 | Crear | Skirmisher |
| 25:44 | Investigar | Elite Skirmisher (upgrade) |
| 26:42 | Investigar | Pikeman (upgrade) |
| 26:43 | Investigar | Squires |
| 27:00 | Crear | Spearman |
| 27:00 | Crear | Spearman |
| 28:20 | Crear | Skirmisher |
| 28:20 | Crear | Skirmisher |
| 28:20 | Crear | Skirmisher |
| 28:20 | Crear | Skirmisher |
| 28:21 | Crear | Skirmisher |
| 28:21 | Crear | Skirmisher |
| 28:21 | Crear | Skirmisher |
| 28:22 | Crear | Skirmisher |
| 28:32 | Crear | Spearman |
| 28:32 | Crear | Spearman |
| 28:33 | Crear | Spearman |
| 28:33 | Crear | Spearman |
| 29:11 | Crear | Villager (Male) |
| 30:13 | Crear | Spearman |
| 30:14 | Crear | Spearman |
| 30:58 | Crear | Villager (Male) ×4 |
| 32:26 | Crear | Spearman |
| 32:26 | Crear | Spearman |
| 32:26 | Crear | Spearman |
| 32:27 | Crear | Spearman |
| 32:27 | Crear | Spearman |
| 32:48 | Investigar | Hand Cart |
| 32:58 | Crear | Trade Cart |
| 32:59 | Crear | Trade Cart |
| 33:00 | Crear | Trade Cart |
| 33:00 | Crear | Trade Cart |
| 33:01 | Crear | Trade Cart |
| 33:09 | Investigar | Gold Mining |
| 33:56 | Crear | Spearman |
| 34:01 | Construir | House |
| 34:02 | Construir | House |
| 34:04 | Construir | House |
| 34:05 | Construir | House |
| 34:10 | Construir | Barracks |
| 34:12 | Construir | Barracks |
| 34:22 | Crear | Villager (Male) ×5 |
| 34:48 | Crear | Spearman |
| 35:03 | Investigar | Forging |
| 35:04 | Investigar | Scale Mail Armor |
| 36:00 | Crear | Spearman ×5 |
| 36:00 | Crear | Spearman ×5 |
| 36:01 | Crear | Spearman ×5 |
| 36:25 | Crear | Trade Cart |
| 36:26 | Crear | Trade Cart |
| 36:26 | Crear | Trade Cart |
| 36:27 | Crear | Trade Cart |
| 36:27 | Crear | Trade Cart |
| 37:06 | Crear | Spearman ×5 |
| 37:07 | Crear | Spearman ×5 |
| 37:23 | Crear | Spearman ×5 |
| 37:38 | Crear | Villager (Male) ×2 |
| 37:44 | Construir | Farm |
| 37:46 | Construir | Farm |
| 38:37 | Construir | Castle |
| 39:01 | Construir | House |
| 39:02 | Construir | House |
| 39:03 | Construir | House |
| 39:04 | Construir | House |
Build order — Joselias
Primeras 150 de 213 acciones detectadas
| 1:15 | Construir | Town Center |
| 3:15 | Crear | Villager (Male) |
| 3:15 | Crear | Villager (Male) |
| 3:15 | Crear | Villager (Male) |
| 3:16 | Crear | Villager (Male) |
| 4:36 | Crear | Villager (Male) |
| 4:36 | Crear | Villager (Male) |
| 5:14 | Crear | Villager (Male) |
| 5:14 | Crear | Villager (Male) |
| 5:26 | Crear | Villager (Male) |
| 5:26 | Crear | Villager (Male) |
| 5:48 | Crear | Villager (Male) |
| 5:49 | Crear | Villager (Male) |
| 6:02 | Construir | Lumber Camp |
| 6:05 | Crear | Villager (Male) |
| 6:47 | Crear | Villager (Male) |
| 6:47 | Crear | Villager (Male) |
| 7:05 | Crear | Villager (Male) |
| 7:18 | Crear | Villager (Male) |
| 7:19 | Crear | Villager (Male) |
| 7:28 | Crear | Villager (Male) |
| 8:29 | Crear | Villager (Male) |
| 8:36 | Crear | Villager (Male) |
| 9:32 | Crear | Villager (Male) |
| 9:32 | Crear | Villager (Male) |
| 9:50 | Construir | Mill |
| 9:53 | Crear | Villager (Male) |
| 10:01 | Crear | Villager (Male) |
| 10:02 | Crear | Villager (Male) |
| 11:01 | Investigar | Loom |
| 11:02 | Investigar | Feudal Age |
| 11:05 | Crear | Villager (Male) |
| 11:21 | Construir | Mill |
| 11:28 | Crear | Villager (Male) |
| 12:19 | Construir | Mining Camp |
| 12:27 | Crear | Villager (Male) |
| 12:29 | Crear | Villager (Male) |
| 13:45 | Edad | Edad Feudal |
| 14:01 | Construir | Market |
| 14:04 | Construir | Blacksmith |
| 15:01 | Crear | Villager (Male) |
| 15:32 | Investigar | Castle Age |
| 15:44 | Construir | Mining Camp |
| 16:31 | Crear | Villager (Male) |
| 16:42 | Investigar | Stone Mining |
| 17:08 | Investigar | Double-Bit Axe |
| 18:12 | Edad | Edad de los Castillos |
| 18:29 | Crear | Villager (Male) |
| 18:29 | Crear | Villager (Male) |
| 18:45 | Investigar | Bow Saw |
| 19:24 | Crear | Villager (Male) |
| 19:25 | Crear | Villager (Male) |
| 19:38 | Crear | Villager (Male) |
| 19:38 | Crear | Villager (Male) |
| 19:48 | Crear | Villager (Male) |
| 19:55 | Crear | Villager (Male) |
| 20:04 | Construir | Castle |
| 20:29 | Construir | Castle |
| 20:35 | Crear | Villager (Male) |
| 20:53 | Construir | Town Center |
| 20:59 | Crear | Villager (Male) |
| 21:00 | Crear | Villager (Male) |
| 21:32 | Crear | Villager (Male) |
| 21:32 | Crear | Villager (Male) |
| 21:59 | Crear | Tarkan |
| 22:00 | Crear | Tarkan |
| 22:00 | Crear | Tarkan |
| 22:14 | Crear | Villager (Male) |
| 22:15 | Crear | Villager (Male) |
| 22:20 | Construir | Mill |
| 22:49 | Construir | Mill |
| 22:51 | Crear | Villager (Male) |
| 22:52 | Crear | Villager (Male) |
| 22:54 | Crear | Villager (Male) |
| 23:23 | Construir | Town Center |
| 23:36 | Crear | Villager (Male) |
| 23:37 | Crear | Villager (Male) |
| 24:08 | Construir | Farm |
| 24:09 | Construir | Farm |
| 24:09 | Construir | Farm |
| 24:09 | Construir | Farm |
| 24:09 | Construir | Farm |
| 24:10 | Construir | Farm |
| 24:10 | Construir | Farm |
| 24:12 | Crear | Villager (Male) |
| 24:28 | Crear | Tarkan |
| 24:29 | Crear | Tarkan |
| 24:33 | Crear | Villager (Male) |
| 24:33 | Crear | Villager (Male) |
| 24:33 | Crear | Villager (Male) |
| 24:58 | Investigar | Horse Collar |
| 25:06 | Construir | Lumber Camp |
| 25:09 | Crear | Villager (Male) |
| 25:10 | Crear | Villager (Male) |
| 25:10 | Crear | Villager (Male) |
| 25:39 | Construir | Mill |
| 25:43 | Crear | Villager (Male) |
| 25:44 | Crear | Villager (Male) |
| 25:44 | Crear | Villager (Male) |
| 25:44 | Crear | Villager (Male) |
| 25:44 | Crear | Villager (Male) |
| 25:45 | Crear | Villager (Male) |
| 25:45 | Crear | Villager (Male) |
| 26:08 | Crear | Tarkan |
| 26:09 | Crear | Tarkan |
| 26:09 | Crear | Tarkan |
| 26:24 | Investigar | Scale Barding Armor |
| 26:33 | Construir | Barracks |
| 26:46 | Investigar | Wheelbarrow |
| 27:00 | Construir | Mill |
| 27:04 | Crear | Villager (Male) |
| 27:04 | Crear | Villager (Male) |
| 27:05 | Crear | Villager (Male) |
| 27:23 | Construir | Stable |
| 27:25 | Construir | Stable |
| 27:26 | Construir | Stable |
| 27:33 | Investigar | Forging |
| 27:36 | Crear | Villager (Male) |
| 27:37 | Crear | Villager (Male) |
| 27:37 | Crear | Villager (Male) |
| 27:46 | Crear | Villager (Male) |
| 27:58 | Investigar | Marauders |
| 28:03 | Crear | Tarkan |
| 28:03 | Crear | Tarkan |
| 28:03 | Crear | Tarkan |
| 28:59 | Investigar | Husbandry |
| 28:59 | Investigar | Bloodlines |
| 29:01 | Crear | Tarkan ×3 |
| 29:02 | Crear | Tarkan ×3 |
| 29:54 | Investigar | Iron Casting |
| 29:57 | Investigar | Chain Barding Armor |
| 30:00 | Crear | Villager (Male) |
| 30:00 | Crear | Villager (Male) |
| 30:00 | Crear | Villager (Male) |
| 30:30 | Investigar | Iron Casting |
| 30:34 | Crear | Villager (Male) |
| 30:34 | Crear | Villager (Male) |
| 30:35 | Crear | Villager (Male) |
| 30:36 | Crear | Villager (Male) |
| 30:45 | Construir | Farm |
| 30:45 | Construir | Farm |
| 30:46 | Construir | Farm |
| 30:46 | Construir | Farm |
| 30:46 | Construir | Farm |
| 30:46 | Construir | Farm |
| 30:47 | Construir | Farm |
| 31:05 | Crear | Tarkan |
| 31:05 | Crear | Tarkan |
| 31:06 | Crear | Tarkan |
| 31:10 | Construir | Farm |
Build order — PeteOwens
Primeras 150 de 367 acciones detectadas
| 0:29 | Construir | Town Center |
| 2:52 | Crear | Villager (Male) |
| 2:52 | Crear | Villager (Male) |
| 2:53 | Crear | Villager (Male) |
| 2:53 | Crear | Villager (Male) |
| 2:53 | Crear | Villager (Male) |
| 3:43 | Crear | Villager (Male) |
| 4:05 | Crear | Villager (Male) |
| 4:54 | Construir | Mill |
| 5:00 | Crear | Villager (Male) |
| 5:00 | Crear | Villager (Male) |
| 5:29 | Crear | Villager (Male) |
| 6:20 | Crear | Villager (Male) |
| 6:50 | Crear | Villager (Male) |
| 6:54 | Crear | Villager (Male) |
| 7:27 | Crear | Villager (Male) |
| 7:33 | Crear | Villager (Male) |
| 7:55 | Crear | Villager (Male) |
| 8:15 | Crear | Villager (Male) |
| 8:24 | Crear | Villager (Male) |
| 8:46 | Crear | Villager (Male) |
| 8:47 | Crear | Villager (Male) |
| 8:56 | Crear | Villager (Male) |
| 9:19 | Crear | Villager (Male) |
| 10:22 | Crear | Villager (Male) |
| 10:43 | Crear | Villager (Male) |
| 10:48 | Construir | Lumber Camp |
| 11:27 | Crear | Villager (Male) |
| 11:30 | Investigar | Feudal Age |
| 11:31 | Investigar | Loom |
| 11:32 | Crear | Villager (Male) |
| 11:33 | Crear | Villager (Male) |
| 11:33 | Crear | Villager (Male) |
| 11:50 | Crear | Villager (Male) |
| 12:02 | Crear | Villager (Male) |
| 12:06 | Crear | Villager (Male) |
| 12:44 | Crear | Villager (Male) |
| 12:59 | Construir | Mining Camp |
| 13:06 | Construir | Palisade Wall |
| 13:08 | Construir | Palisade Wall |
| 13:10 | Construir | Palisade Wall |
| 13:17 | Construir | Palisade Wall |
| 13:21 | Crear | Villager (Male) |
| 13:40 | Edad | Edad Feudal |
| 13:57 | Crear | Villager (Male) |
| 14:01 | Crear | Villager (Male) |
| 14:02 | Crear | Villager (Male) |
| 14:07 | Construir | Mill |
| 14:28 | Crear | Villager (Male) |
| 14:36 | Crear | Villager (Male) |
| 15:06 | Crear | Villager (Male) |
| 15:47 | Construir | Blacksmith |
| 16:34 | Construir | Market |
| 16:51 | Construir | Palisade Wall |
| 16:57 | Construir | Palisade Wall |
| 17:03 | Construir | Palisade Wall |
| 17:09 | Construir | Palisade Wall |
| 17:14 | Crear | Villager (Male) |
| 17:16 | Crear | Villager (Male) |
| 17:17 | Crear | Villager (Male) |
| 17:20 | Investigar | Castle Age |
| 17:23 | Crear | Villager (Male) |
| 17:23 | Crear | Villager (Male) |
| 17:26 | Investigar | Wheelbarrow |
| 17:37 | Crear | Villager (Male) |
| 17:50 | Crear | Villager (Male) |
| 18:03 | Construir | Barracks |
| 18:16 | Crear | Villager (Male) |
| 18:23 | Crear | Villager (Male) |
| 18:23 | Crear | Villager (Male) |
| 18:24 | Crear | Villager (Male) |
| 18:25 | Crear | Villager (Male) |
| 18:38 | Crear | Villager (Male) |
| 18:54 | Crear | Villager (Male) |
| 19:24 | Construir | Stable |
| 19:29 | Crear | Villager (Male) |
| 19:47 | Construir | Mill |
| 19:49 | Construir | Farm |
| 19:50 | Construir | Farm |
| 19:50 | Construir | Farm |
| 19:50 | Construir | Farm |
| 19:50 | Construir | Farm |
| 19:51 | Construir | Farm |
| 19:51 | Construir | Farm |
| 19:52 | Construir | Farm |
| 19:52 | Construir | Farm |
| 20:02 | Edad | Edad de los Castillos |
| 20:12 | Investigar | Horse Collar |
| 20:36 | Construir | Farm |
| 20:36 | Construir | Farm |
| 20:37 | Construir | Farm |
| 20:37 | Construir | Farm |
| 20:44 | Crear | Villager (Male) |
| 20:45 | Crear | Villager (Male) |
| 20:52 | Investigar | Husbandry |
| 20:53 | Investigar | Bloodlines |
| 20:54 | Crear | Knight ×5 |
| 20:55 | Crear | Knight ×5 |
| 20:59 | Crear | Villager (Male) |
| 21:19 | Crear | Villager (Male) |
| 21:40 | Crear | Villager (Male) |
| 21:54 | Construir | Mill |
| 22:06 | Crear | Villager (Male) |
| 22:28 | Crear | Villager (Male) |
| 22:38 | Construir | Farm |
| 22:38 | Construir | Farm |
| 22:56 | Construir | Town Center |
| 23:07 | Crear | Villager (Male) |
| 23:12 | Construir | Farm |
| 23:29 | Crear | Knight |
| 23:29 | Crear | Knight |
| 23:44 | Crear | Villager (Male) |
| 23:46 | Crear | Villager (Male) |
| 24:08 | Investigar | Double-Bit Axe |
| 24:09 | Crear | Villager (Male) |
| 24:14 | Crear | Villager (Male) |
| 24:14 | Crear | Villager (Male) |
| 24:22 | Construir | Farm |
| 24:22 | Construir | Farm |
| 24:22 | Construir | Farm |
| 24:23 | Construir | Farm |
| 24:23 | Construir | Farm |
| 24:23 | Construir | Farm |
| 24:32 | Crear | Villager (Male) |
| 24:32 | Crear | Villager (Male) |
| 24:51 | Crear | Villager (Male) |
| 24:52 | Crear | Villager (Male) |
| 25:14 | Crear | Villager (Male) |
| 25:15 | Crear | Villager (Male) |
| 25:27 | Construir | Farm |
| 25:31 | Crear | Villager (Male) |
| 25:31 | Crear | Villager (Male) |
| 25:57 | Construir | Farm |
| 25:58 | Crear | Villager (Male) |
| 25:58 | Crear | Villager (Male) |
| 25:59 | Crear | Villager (Male) |
| 25:59 | Crear | Villager (Male) |
| 26:14 | Investigar | Scale Barding Armor |
| 26:16 | Crear | Villager (Male) |
| 26:17 | Crear | Villager (Male) |
| 26:17 | Crear | Villager (Male) |
| 26:17 | Crear | Villager (Male) |
| 27:00 | Crear | Villager (Male) |
| 27:01 | Crear | Villager (Male) |
| 27:01 | Crear | Villager (Male) |
| 27:02 | Crear | Villager (Male) |
| 27:07 | Construir | Mining Camp |
| 27:12 | Construir | Farm |
| 27:13 | Construir | Farm |
| 27:13 | Construir | Farm |
Build order — Eardius
Primeras 150 de 213 acciones detectadas
| 1:03 | Construir | Town Center |
| 3:11 | Crear | Villager (Male) |
| 3:11 | Crear | Villager (Male) |
| 3:11 | Crear | Villager (Male) |
| 3:11 | Crear | Villager (Male) |
| 3:12 | Crear | Villager (Male) |
| 4:04 | Construir | House |
| 4:08 | Investigar | Loom |
| 4:29 | Crear | Villager (Male) |
| 4:29 | Crear | Villager (Male) |
| 5:04 | Crear | Villager (Male) |
| 5:04 | Crear | Villager (Male) |
| 5:04 | Crear | Villager (Male) |
| 5:08 | Construir | House |
| 5:52 | Crear | Villager (Male) |
| 5:52 | Crear | Villager (Male) |
| 6:35 | Crear | Villager (Male) |
| 6:35 | Crear | Villager (Male) |
| 6:46 | Construir | House |
| 7:17 | Crear | Villager (Male) |
| 7:28 | Construir | Lumber Camp |
| 7:37 | Construir | Lumber Camp |
| 7:41 | Construir | Lumber Camp |
| 7:46 | Crear | Villager (Male) |
| 8:14 | Crear | Villager (Male) |
| 8:26 | Construir | Mill |
| 8:30 | Crear | Villager (Male) |
| 8:59 | Crear | Villager (Male) |
| 9:13 | Crear | Villager (Male) |
| 9:13 | Crear | Villager (Male) |
| 9:31 | Crear | Villager (Male) |
| 9:41 | Crear | Villager (Male) |
| 9:46 | Construir | House |
| 11:00 | Crear | Villager (Male) |
| 11:31 | Construir | House |
| 11:36 | Construir | House |
| 11:38 | Crear | Villager (Male) |
| 12:25 | Investigar | Feudal Age |
| 13:21 | Crear | Villager (Male) |
| 13:28 | Construir | Mining Camp |
| 13:51 | Construir | Lumber Camp |
| 14:27 | Crear | Villager (Male) |
| 14:35 | Edad | Edad Feudal |
| 14:40 | Construir | Blacksmith |
| 14:41 | Construir | Market |
| 15:28 | Investigar | Castle Age |
| 15:28 | Investigar | Castle Age |
| 15:40 | Investigar | Double-Bit Axe |
| 16:25 | Construir | Barracks |
| 16:36 | Construir | House |
| 16:56 | Crear | Villager (Male) |
| 16:56 | Crear | Villager (Male) |
| 17:54 | Construir | Archery Range |
| 18:08 | Edad | Edad de los Castillos |
| 18:38 | Crear | Villager (Male) |
| 18:57 | Crear | Archer |
| 19:05 | Investigar | Fletching |
| 19:06 | Investigar | Bow Saw |
| 19:10 | Crear | Villager (Male) |
| 19:17 | Construir | Archery Range |
| 19:21 | Investigar | Crossbowman (upgrade) |
| 19:22 | Crear | Archer |
| 19:36 | Investigar | Gold Mining |
| 19:37 | Crear | Villager (Male) |
| 20:14 | Crear | Archer |
| 20:14 | Crear | Archer |
| 20:38 | Crear | Archer |
| 20:38 | Crear | Archer |
| 21:01 | Investigar | Bodkin Arrow |
| 21:02 | Crear | Villager (Male) |
| 21:04 | Crear | Archer |
| 21:07 | Crear | Villager (Male) |
| 21:07 | Crear | Villager (Male) |
| 21:38 | Crear | Villager (Male) |
| 21:45 | Construir | House |
| 21:54 | Crear | Archer |
| 21:54 | Crear | Archer |
| 22:33 | Crear | Villager (Male) |
| 22:35 | Crear | Archer |
| 22:35 | Crear | Archer |
| 22:45 | Construir | House |
| 22:46 | Construir | House |
| 23:07 | Crear | Villager (Male) |
| 23:10 | Crear | Archer |
| 23:10 | Crear | Archer |
| 24:12 | Crear | Villager (Male) |
| 24:12 | Crear | Villager (Male) |
| 24:13 | Crear | Archer |
| 24:13 | Crear | Archer |
| 24:30 | Construir | Castle |
| 24:35 | Crear | Villager (Male) |
| 24:35 | Crear | Villager (Male) |
| 24:36 | Crear | Archer |
| 24:37 | Crear | Archer |
| 24:42 | Construir | University |
| 25:07 | Construir | House |
| 25:10 | Crear | Archer |
| 25:10 | Crear | Archer |
| 25:11 | Crear | Villager (Male) |
| 25:12 | Crear | Villager (Male) |
| 25:39 | Crear | Villager (Male) |
| 25:39 | Crear | Villager (Male) |
| 25:40 | Crear | Archer |
| 25:40 | Crear | Archer |
| 26:43 | Crear | Villager (Male) |
| 26:43 | Crear | Villager (Male) |
| 26:44 | Crear | Archer |
| 26:44 | Crear | Archer |
| 26:58 | Crear | Villager (Male) |
| 27:08 | Construir | House |
| 27:27 | Crear | Villager (Male) |
| 27:27 | Crear | Villager (Male) |
| 27:28 | Crear | Archer |
| 27:29 | Crear | Archer |
| 28:22 | Crear | Villager (Male) |
| 28:22 | Crear | Villager (Male) |
| 28:23 | Crear | Archer |
| 28:23 | Crear | Archer |
| 28:24 | Crear | Archer |
| 28:39 | Investigar | Ballistics |
| 28:39 | Investigar | Ballistics |
| 28:47 | Crear | Villager (Male) |
| 29:03 | Crear | Archer |
| 29:03 | Crear | Archer |
| 29:04 | Crear | Villager (Male) |
| 30:03 | Crear | Villager (Male) |
| 30:03 | Crear | Villager (Male) |
| 30:04 | Crear | Archer |
| 30:04 | Crear | Archer |
| 30:13 | Construir | Town Center |
| 30:14 | Crear | Villager (Male) |
| 30:15 | Crear | Villager (Male) |
| 30:21 | Construir | Town Center |
| 30:47 | Construir | Mill |
| 30:48 | Construir | Mill |
| 30:59 | Crear | Archer |
| 30:59 | Crear | Archer |
| 31:34 | Investigar | Padded Archer Armor |
| 31:37 | Crear | Villager (Male) |
| 31:39 | Crear | Archer |
| 31:40 | Crear | Archer |
| 32:24 | Crear | Villager (Male) |
| 32:31 | Crear | Villager (Male) |
| 32:31 | Crear | Villager (Male) |
| 32:31 | Crear | Villager (Male) |
| 32:58 | Construir | Mill |
| 33:26 | Construir | Lumber Camp |
| 33:42 | Construir | Mining Camp |
| 33:51 | Construir | Mining Camp |
| 33:57 | Construir | Mining Camp |
Build order — Badacidreflux
Primeras 150 de 227 acciones detectadas
| 0:25 | Construir | Town Center |
| 2:18 | Construir | House |
| 2:19 | Construir | House |
| 3:10 | Crear | Villager (Male) |
| 3:10 | Crear | Villager (Male) |
| 3:52 | Crear | Villager (Male) |
| 4:38 | Crear | Villager (Male) |
| 5:16 | Crear | Villager (Male) |
| 5:34 | Crear | Villager (Male) |
| 5:48 | Construir | Mill |
| 6:05 | Crear | Villager (Male) |
| 6:35 | Crear | Villager (Male) |
| 6:58 | Crear | Villager (Male) |
| 7:30 | Crear | Villager (Male) |
| 7:47 | Construir | House |
| 7:51 | Construir | House |
| 8:02 | Crear | Villager (Male) |
| 8:24 | Crear | Villager (Male) |
| 8:29 | Construir | Barracks |
| 8:35 | Crear | Villager (Male) |
| 9:21 | Crear | Villager (Male) |
| 9:24 | Construir | Lumber Camp |
| 9:49 | Construir | Palisade Wall |
| 9:51 | Crear | Villager (Male) |
| 9:57 | Construir | Palisade Gate |
| 10:00 | Crear | Villager (Male) |
| 10:30 | Crear | Villager (Male) |
| 10:41 | Construir | House |
| 10:51 | Crear | Villager (Male) |
| 11:23 | Investigar | Loom |
| 11:31 | Construir | House |
| 11:40 | Construir | Palisade Wall |
| 11:44 | Construir | Palisade Gate |
| 12:01 | Construir | Mining Camp |
| 12:02 | Investigar | Feudal Age |
| 12:47 | Construir | Mining Camp |
| 13:06 | Construir | Palisade Wall |
| 13:10 | Construir | Palisade Gate |
| 13:14 | Crear | Villager (Male) |
| 13:14 | Crear | Villager (Male) |
| 14:12 | Edad | Edad Feudal |
| 14:15 | Construir | Archery Range |
| 14:18 | Construir | House |
| 14:29 | Crear | Spearman |
| 14:29 | Crear | Spearman |
| 14:30 | Crear | Spearman |
| 14:56 | Construir | Blacksmith |
| 15:00 | Crear | Villager (Male) |
| 15:21 | Crear | Archer |
| 15:21 | Crear | Archer |
| 15:22 | Crear | Archer |
| 15:27 | Crear | Villager (Male) |
| 15:37 | Crear | Villager (Male) |
| 15:55 | Crear | Villager (Male) |
| 16:03 | Construir | House |
| 16:14 | Construir | House |
| 16:15 | Construir | House |
| 16:22 | Construir | House |
| 16:27 | Crear | Villager (Male) |
| 16:33 | Crear | Archer |
| 16:39 | Construir | House |
| 16:41 | Construir | House |
| 16:54 | Construir | Farm |
| 16:54 | Construir | Farm |
| 16:55 | Construir | Farm |
| 16:55 | Construir | Farm |
| 17:26 | Construir | Farm |
| 17:28 | Crear | Villager (Male) |
| 17:36 | Construir | House |
| 17:43 | Crear | Villager (Male) |
| 17:50 | Crear | Archer |
| 18:07 | Construir | Farm |
| 18:09 | Crear | Villager (Male) |
| 18:27 | Crear | Archer |
| 18:36 | Construir | Archery Range |
| 18:39 | Construir | Farm |
| 18:45 | Construir | Farm |
| 18:48 | Crear | Villager (Male) |
| 18:53 | Crear | Archer |
| 19:05 | Construir | Farm |
| 19:15 | Crear | Villager (Male) |
| 19:56 | Crear | Villager (Male) |
| 20:02 | Construir | Farm |
| 20:09 | Crear | Archer |
| 20:11 | Investigar | Fletching |
| 20:14 | Crear | Villager (Male) |
| 20:28 | Crear | Archer |
| 20:57 | Construir | Farm |
| 20:58 | Crear | Villager (Male) |
| 21:19 | Crear | Archer |
| 21:24 | Crear | Villager (Male) |
| 21:31 | Construir | Farm |
| 21:47 | Crear | Villager (Male) |
| 21:56 | Crear | Archer |
| 22:08 | Construir | Market |
| 22:09 | Construir | House |
| 22:14 | Construir | Farm |
| 22:14 | Construir | Farm |
| 22:17 | Crear | Villager (Male) |
| 22:33 | Construir | Farm |
| 22:39 | Crear | Villager (Male) |
| 22:42 | Crear | Archer |
| 22:53 | Construir | Farm |
| 22:59 | Construir | Farm |
| 23:00 | Construir | Farm |
| 23:02 | Construir | Farm |
| 23:16 | Construir | Watch Tower |
| 24:03 | Crear | Villager (Male) |
| 24:09 | Construir | Farm |
| 24:18 | Crear | Archer |
| 24:19 | Crear | Archer |
| 24:20 | Crear | Archer |
| 24:20 | Crear | Archer |
| 24:28 | Crear | Villager (Male) |
| 24:33 | Construir | Farm |
| 24:40 | Construir | House |
| 24:41 | Construir | House |
| 24:42 | Construir | House |
| 24:43 | Construir | House |
| 24:44 | Construir | House |
| 25:17 | Investigar | Castle Age |
| 25:19 | Crear | Archer |
| 25:19 | Crear | Archer |
| 25:23 | Crear | Spearman |
| 25:28 | Crear | Archer |
| 25:29 | Crear | Archer |
| 25:43 | Construir | Watch Tower |
| 25:53 | Crear | Archer |
| 26:00 | Construir | Watch Tower |
| 26:24 | Crear | Archer |
| 26:36 | Investigar | Padded Archer Armor |
| 26:43 | Crear | Archer |
| 27:11 | Crear | Skirmisher ×5 |
| 27:12 | Crear | Skirmisher ×5 |
| 27:12 | Crear | Skirmisher ×5 |
| 27:25 | Construir | House |
| 27:26 | Construir | House |
| 27:30 | Crear | Archer |
| 27:57 | Edad | Edad de los Castillos |
| 28:06 | Investigar | Thumb Ring |
| 28:36 | Construir | Watch Tower |
| 28:39 | Crear | Archer |
| 28:39 | Crear | Archer |
| 29:08 | Construir | Palisade Wall |
| 29:44 | Crear | Villager (Male) |
| 29:45 | Crear | Villager (Male) |
| 29:45 | Crear | Villager (Male) |
| 30:28 | Crear | Villager (Male) |
| 30:55 | Construir | House |
| 30:56 | Construir | House |
Build order — der_flo
Primeras 150 de 215 acciones detectadas
| 1:04 | Construir | Town Center |
| 3:31 | Crear | Villager (Male) |
| 3:31 | Crear | Villager (Male) |
| 3:31 | Crear | Villager (Male) |
| 3:50 | Crear | Villager (Male) |
| 4:00 | Construir | House |
| 4:46 | Crear | Villager (Male) |
| 5:38 | Crear | Villager (Male) |
| 5:38 | Crear | Villager (Male) |
| 5:56 | Construir | House |
| 6:40 | Construir | Lumber Camp |
| 7:14 | Crear | Villager (Male) |
| 7:14 | Crear | Villager (Male) |
| 7:16 | Crear | Villager (Male) |
| 8:08 | Construir | Mill |
| 8:11 | Crear | Villager (Male) |
| 8:12 | Crear | Villager (Male) |
| 8:53 | Construir | House |
| 9:11 | Construir | House |
| 9:25 | Crear | Villager (Male) |
| 9:25 | Crear | Villager (Male) |
| 9:37 | Construir | House |
| 10:19 | Crear | Villager (Male) |
| 10:47 | Crear | Villager (Male) |
| 10:49 | Crear | Villager (Male) |
| 10:50 | Crear | Villager (Male) |
| 10:54 | Crear | Villager (Male) |
| 10:55 | Crear | Villager (Male) |
| 11:42 | Crear | Villager (Male) |
| 12:40 | Construir | House |
| 12:43 | Construir | House |
| 12:46 | Construir | House |
| 13:04 | Investigar | Loom |
| 13:34 | Investigar | Feudal Age |
| 13:56 | Construir | Barracks |
| 14:11 | Construir | Palisade Wall |
| 14:16 | Construir | Palisade Wall |
| 14:18 | Construir | Palisade Wall |
| 14:24 | Construir | Palisade Wall |
| 14:29 | Construir | Palisade Wall |
| 14:35 | Construir | Palisade Wall |
| 14:52 | Construir | Mining Camp |
| 15:07 | Construir | Palisade Wall |
| 15:17 | Construir | Palisade Wall |
| 15:18 | Construir | Palisade Wall |
| 15:29 | Construir | Palisade Wall |
| 15:57 | Edad | Edad Feudal |
| 16:01 | Construir | Blacksmith |
| 16:29 | Investigar | Double-Bit Axe |
| 17:00 | Crear | Villager (Male) |
| 17:00 | Crear | Villager (Male) |
| 17:02 | Crear | Villager (Male) |
| 18:04 | Construir | Stable |
| 18:24 | Crear | Villager (Male) |
| 18:40 | Construir | Palisade Gate |
| 19:15 | Construir | Mill |
| 19:43 | Investigar | Castle Age |
| 20:07 | Construir | Archery Range |
| 21:00 | Crear | Villager (Male) |
| 21:10 | Crear | Skirmisher |
| 21:10 | Crear | Skirmisher |
| 21:10 | Crear | Skirmisher |
| 21:10 | Crear | Skirmisher |
| 21:40 | Construir | Mill |
| 21:45 | Investigar | Fletching |
| 22:02 | Construir | Archery Range |
| 22:19 | Crear | Skirmisher |
| 22:23 | Edad | Edad de los Castillos |
| 22:26 | Crear | Villager (Male) |
| 22:26 | Crear | Villager (Male) |
| 23:10 | Crear | Villager (Male) |
| 23:30 | Construir | Town Center |
| 23:50 | Crear | Skirmisher |
| 23:51 | Crear | Skirmisher |
| 24:03 | Crear | Villager (Male) |
| 24:03 | Crear | Villager (Male) |
| 24:05 | Crear | Villager (Male) |
| 24:28 | Construir | House |
| 24:29 | Construir | House |
| 24:33 | Construir | House |
| 24:34 | Construir | House |
| 24:36 | Construir | House |
| 24:53 | Crear | Villager (Male) |
| 24:53 | Crear | Villager (Male) |
| 25:47 | Construir | Town Center |
| 26:00 | Crear | Villager (Male) |
| 26:01 | Crear | Villager (Male) |
| 26:01 | Crear | Villager (Male) |
| 26:02 | Investigar | Wheelbarrow |
| 26:04 | Crear | Villager (Male) |
| 26:04 | Crear | Villager (Male) |
| 26:04 | Crear | Villager (Male) |
| 26:18 | Crear | Villager (Male) |
| 26:52 | Investigar | Bow Saw |
| 26:52 | Investigar | Bow Saw |
| 27:12 | Construir | House |
| 27:13 | Construir | House |
| 27:15 | Construir | House |
| 27:17 | Construir | House |
| 27:18 | Construir | House |
| 27:19 | Construir | House |
| 27:30 | Construir | Palisade Wall |
| 27:32 | Construir | Palisade Wall |
| 27:33 | Construir | Palisade Wall |
| 27:38 | Crear | Knight |
| 27:38 | Crear | Knight |
| 27:51 | Investigar | Elite Skirmisher (upgrade) |
| 27:55 | Crear | Villager (Male) |
| 27:55 | Crear | Villager (Male) |
| 27:57 | Crear | Villager (Male) |
| 28:27 | Crear | Knight |
| 29:06 | Crear | Knight |
| 29:06 | Crear | Knight |
| 29:12 | Crear | Villager (Male) |
| 29:12 | Crear | Villager (Male) |
| 29:12 | Crear | Villager (Male) |
| 29:13 | Crear | Villager (Male) |
| 29:13 | Crear | Villager (Male) |
| 30:43 | Crear | Villager (Male) |
| 30:43 | Crear | Villager (Male) |
| 30:44 | Crear | Villager (Male) |
| 30:44 | Crear | Villager (Male) |
| 30:44 | Crear | Villager (Male) |
| 30:44 | Crear | Villager (Male) |
| 30:47 | Crear | Villager (Male) |
| 30:47 | Crear | Villager (Male) |
| 30:47 | Crear | Villager (Male) |
| 31:01 | Construir | Barracks |
| 31:01 | Construir | Barracks |
| 31:05 | Construir | Stable |
| 31:06 | Construir | Stable |
| 31:28 | Construir | Town Center |
| 31:31 | Crear | Villager (Male) |
| 31:33 | Crear | Villager (Male) |
| 31:33 | Crear | Villager (Male) |
| 31:33 | Crear | Villager (Male) |
| 31:48 | Construir | Farm |
| 31:48 | Construir | Farm |
| 31:48 | Construir | Farm |
| 31:49 | Construir | Farm |
| 31:56 | Construir | Mining Camp |
| 32:03 | Investigar | Scale Mail Armor |
| 32:29 | Construir | Farm |
| 32:29 | Construir | Farm |
| 32:57 | Construir | Farm |
| 33:05 | Construir | Farm |
| 33:05 | Construir | Farm |
| 33:05 | Construir | Farm |
| 33:06 | Construir | Farm |
| 33:14 | Investigar | Pikeman (upgrade) |
Cronología de la partida
| 8:29 | Badacidreflux · first_building Barracks |
| 9:49 | Badacidreflux · wall_segment Palisade Wall x10 |
| 11:40 | Badacidreflux · wall_segment Palisade Wall x7 |
| 13:06 | PeteOwens · wall_segment Palisade Wall x1 |
| 13:06 | Badacidreflux · wall_segment Palisade Wall x14 |
| 13:08 | PeteOwens · wall_segment Palisade Wall x1 |
| 13:10 | PeteOwens · wall_segment Palisade Wall x1 |
| 13:17 | PeteOwens · wall_segment Palisade Wall x1 |
| 13:40 | PeteOwens · age_up feudal |
| 13:45 | Joselias · age_up feudal |
| 13:56 | der_flo · first_building Barracks |
| 14:11 | der_flo · wall_segment Palisade Wall x2 |
| 14:12 | Badacidreflux · age_up feudal |
| 14:15 | Badacidreflux · first_building Archery Range |
| 14:16 | der_flo · wall_segment Palisade Wall x2 |
| 14:18 | der_flo · wall_segment Palisade Wall x10 |
| 14:24 | der_flo · wall_segment Palisade Wall x7 |
| 14:26 | Starman · first_building Barracks |
| 14:29 | der_flo · wall_segment Palisade Wall x11 |
| 14:35 | Eardius · age_up feudal |
| 14:35 | der_flo · wall_segment Palisade Wall x6 |
| 15:07 | der_flo · wall_segment Palisade Wall x12 |
| 15:17 | der_flo · wall_segment Palisade Wall x1 |
| 15:18 | der_flo · wall_segment Palisade Wall x1 |
| 15:22 | Starman · age_up feudal |
| 15:29 | der_flo · wall_segment Palisade Wall x1 |
| 15:57 | der_flo · age_up feudal |
| 16:25 | Eardius · first_building Barracks |
| 16:51 | PeteOwens · wall_segment Palisade Wall x2 |
| 16:57 | PeteOwens · wall_segment Palisade Wall x1 |
| 17:03 | PeteOwens · wall_segment Palisade Wall x1 |
| 17:09 | PeteOwens · wall_segment Palisade Wall x1 |
| 17:54 | Eardius · first_building Archery Range |
| 18:03 | PeteOwens · first_building Barracks |
| 18:04 | der_flo · first_building Stable |
| 18:08 | Eardius · age_up castle |
| 18:12 | Joselias · age_up castle |
| 19:24 | PeteOwens · first_building Stable |
| 20:02 | PeteOwens · age_up castle |
| 20:04 | Joselias · first_building Castle |
| 20:07 | der_flo · first_building Archery Range |
| 20:16 | Starman · age_up castle |
| 21:52 | Eardius · first_market_sell 100 wood |
| 22:23 | der_flo · age_up castle |
| 23:22 | Starman · first_building Archery Range |
| 24:05 | PeteOwens · first_market_buy 100 food |
| 24:30 | Eardius · first_building Castle |
| 25:06 | Starman · first_market_buy 100 food |
| 26:33 | Joselias · first_building Barracks |
| 27:23 | Joselias · first_building Stable |
| 27:30 | der_flo · wall_segment Palisade Wall x1 |
| 27:32 | der_flo · wall_segment Palisade Wall x2 |
| 27:33 | der_flo · wall_segment Palisade Wall x1 |
| 27:57 | Badacidreflux · age_up castle |
| 29:08 | Badacidreflux · wall_segment Palisade Wall x5 |
| 31:32 | Eardius · first_market_buy 100 food |
| 33:30 | PeteOwens · first_building Monastery |
| 33:33 | Joselias · first_building Monastery |
| 36:22 | PeteOwens · first_market_sell 100 food |
| 36:46 | PeteOwens · first_building Castle |
| 36:47 | Joselias · first_market_sell 500 food |
| 36:53 | der_flo · first_building Castle |
| 38:37 | Starman · first_building Castle |
| 40:56 | PeteOwens · first_building Archery Range |
| 41:05 | Badacidreflux · wall_segment Stone Wall x9 |
| 41:42 | Joselias · resign |
[ ANÁLISIS IA · 1 CRÉDITO ]
¿Qué pasó realmente en esta partida?
Wolo.gg analiza cada decisión: build order, eco, micro, errores típicos por bracket. Análisis personalizado por WhatsApp o Discord en 30 segundos.
Guía civ
Bizantinos
Guía mapa
African Clearing
Perfil
Starman